 Dungeon Crawl Stone Soup version 0.28.0-45-g0d030f2227 (webtiles) character file.

Game seed: 12175695315628208159

490 jimonade the Sneak (level 7, -2/52 HPs)
             Began as a Djinni Brigand on Apr 8, 2022.
             Was an Initiate of Wu Jian.
             Slain by an orc warrior
             ... wielding a +1 dire flail of holy wrath
              (4 damage)
             ... on level 6 of the Dungeon.
             The game lasted 00:17:00 (4824 turns).

jimonade the Sneak (Djinni Brigand)                 Turns: 4824, Time: 00:17:00

Health: -2/52      AC: 14    Str: 16    XL:     7   Next: 36%
Gold:   163        EV:  7    Int: 17    God:    Wu Jian [......] SH:  0 Dex: 17

rFire   + + .      SeeInvis .   F - +4 short sword of Sloth {freeze, Fragile Int+5}
rCold   x . .      Faith    .   (no shield)
rNeg    . . .      Spirit   .   t - +4 chain mail
rPois   ∞          Reflect  .   (no helmet)
rElec   .          Harm     .   c - +0 cloak
rCorr   .          Rampage  .   (no gloves)
Will    .....                   (boots unavailable)
Stlth   ..........              (no amulet)
HPRegen 0.17/turn               G - +6 ring of strength
MPRegen 0.00/turn               (no ring)

@: flying
A: sickness immunity, fire resistance 2, cold vulnerability 1, float, innate
caster, HP casting, extra vitality 1
a: Renounce Religion


You were on level 6 of the Dungeon.
You worshipped Wu Jian.
Wu Jian was noncommittal.
You visited 2 branches of the dungeon, and saw 7 of its levels.

You collected 163 gold pieces.

Inventory:

Hand Weapons
 a - a +2 dagger
 g - a +1 dagger of venom
 p - a +0 hunting sling
 q - a +1 dagger of draining
 B - a +3 quarterstaff
 F - the +4 short sword of Sloth (weapon) {freeze, Fragile Int+5}
   (You found it on level 4 of the Dungeon)

   It freezes those it strikes, dealing additional cold damage.
   It can also slow down cold-blooded creatures.
   Int:       It affects your intelligence (+5).
   Fragile:   It will be destroyed if unequipped.
Missiles
 e - 8 poisoned darts (quivered)
 f - 66 stones
 v - a curare-tipped dart
 y - 23 arrows
 E - 14 bolts
Armour
 b - a +0 robe
 c - a +0 cloak (worn)
 n - a +0 leather armour
 t - a +4 chain mail (worn)
Jewellery
 G - a +6 ring of strength (left hand)
Wands
 A - a wand of polymorph (9)
Scrolls
 d - a scroll of identify
 h - a scroll of amnesia {unknown}
 j - a scroll of blinking {unknown}
 o - a scroll of enchant armour {unknown}
 r - a scroll of teleportation {unknown}
 x - a scroll of immolation {unknown}
 C - a scroll of noise {unknown}
 D - a scroll of brand weapon {unknown}
Potions
 i - 3 potions of attraction
 k - a potion of invisibility {unknown}
 l - a potion of magic {unknown}
 m - 3 potions of curing {unknown}
 s - a potion of lignification {unknown}
 u - a potion of mutation {unknown}
 w - 3 potions of brilliance {unknown}
 z - 3 potions of heal wounds {unknown}


   Skills:
 * Level 4.1 Fighting
 + Level 2.7 Short Blades
 + Level 2.0 Throwing
 + Level 2.5 Armour
 + Level 2.4 Dodging
 + Level 4.2 Stealth
 * Level 1.9 Spellcasting


You had 3 spell levels left.
You knew the following spells:

 Your Spells              Type           Power      Damage    Failure   Level
a - Magic Dart            Conj           32%        1d4       83%         1
b - Call Imp              Summ           8%         N/A       93%         2
c - Lesser Beckoning      Tloc           8%         N/A       99%         3
Your spell library was empty.

Dungeon Overview and Level Annotations

Branches:
Dungeon (6/15)             Temple (1/1) D:6

Altars:
Ashenzari
Cheibriados
Dithmenos
Fedhas
Gozag
Hepliaklqana
Kikubaaqudgha
Makhleb
Nemelex Xobeh
Okawaru
Qazlal
Ru
Sif Muna
Trog
Uskayaw
Vehumet
Wu Jian
Yredelemnul
Zin
The Shining One

Shops:
D:2 [([!

Annotations:
D:5 Grinder, Prince Ribbit
D:6 Pikel


Innate Abilities, Weirdness & Mutations

You are immune to sickness and miasma.
You are immune to poison.
Your flesh is very heat resistant. (rF++)
You are vulnerable to cold. (rC-)
You float through the air rather than walking.
You learn spells naturally, not from books.
Your magical power is your life essence.
You have superior vitality. (+4 MHP)


Message History

The lemure shouts!
A lemure comes into view.
There is a staircase to the Ecumenical Temple here.
Press: ? - help, v - describe, . - travel
Here: Pikel, wielding a +0 whip of flaming and wearing a +0 robe The floor.
Unknown command.
There is an open door here.
There's a creature in the doorway!
An orc warrior comes into view.
It is wielding a +1 dire flail of holy wrath.
The orc warrior shouts!
You hear a shout!
The orc warrior hits you with a +1 dire flail of holy wrath!
You hit the orc warrior but do no damage.
Pikel says, "Hell isn't that bad."
The orc warrior hits you with a +1 dire flail of holy wrath.
You hit the orc warrior but do no damage.
The lemure hits you but does no damage.
You hit the orc warrior. You freeze the orc warrior.
The orc warrior is lightly wounded.
The orc warrior hits you but does no damage.
The lemure barely misses you.
You hit the orc warrior. You freeze the orc warrior.
The orc warrior is moderately wounded.
The orc warrior hits you with a +1 dire flail of holy wrath!
An orc comes into view. It is wielding a +0 hand axe.
You hit the orc warrior. You freeze the orc warrior.
The orc warrior is moderately wounded.
The orc warrior hits you with a +1 dire flail of holy wrath!
* * * LOW HITPOINT WARNING * * *
You closely miss the orc warrior.
The orc warrior is moderately wounded.
The orc warrior hits you with a +1 dire flail of holy wrath!
* * * LOW HITPOINT WARNING * * *
Pikel hits you with a +0 whip of flaming.
* * * LOW HITPOINT WARNING * * *
As you read the scroll labelled VAENWU SYNEOVI, it crumbles to dust.
It is a scroll of identify.
i - 3 potions of attraction The orc warrior hits you with a +1 dire flail of holy wrath.
You die...

#####.###)# #
#.# ##.##
#...##
#.#...#
##.#.##
##o#.##
##o###.####
#@## ##...#
##K###.##.#
##5#.###+###
#55.#.....#
#.#.#.⌠.⌠.###
#.#.'..>K.5.#
#.###.⌠.⌠.#.#
..# #.....# #
### ###+###


You could see Pikel, an orc warrior, 3 lemures and an orc.

Vanquished Creatures
  A sky beast (D:2)
  A bullfrog (D:6)
  A hound (D:4)
  A centaur skeleton (D:5)
  An orc wizard (D:6)
  15 gnolls
  5 adders
  An ufetubus (D:6)
  An adder skeleton (D:4)
  A worm (D:4)
  A dart slug (D:4)
  4 orcs
  3 bats
  5 endoplasms
  A giant cockroach (D:1)
  3 goblins
  8 hobgoblins
  8 kobolds
  3 quokkas
  7 ball pythons
  2 frilled lizards
  6 rats
79 creatures vanquished.

Vanquished Creatures (others)
  A fungus (D:1)
  A plant (D:1)
2 creatures vanquished.

Grand Total: 81 creatures vanquished

Notes
Turn   | Place    | Note
-------+----------+-------------------------------------------
     0 | D:1      | jimonade the Djinni Brigand began the quest for the Orb.
     0 | D:1      | Reached XP level 1. HP: 18/18 MP: 0/0
   161 | D:1      | Found a faded altar of an unknown god.
   176 | D:1      | Got Plato's Catalogue of Contamination
   293 | D:1      | Reached XP level 2. HP: 22/23 MP: 0/0
  1013 | D:2      | Reached XP level 3. HP: 29/29 MP: 0/0
  1013 | D:2      | Learned a level 1 spell: Magic Dart
  1106 | D:2      | Found Ytoxo's Armour Shop.
  1194 | D:2      | Found Xusmudos's Distillery.
  1399 | D:2      | Found Qevum's Antique Armour Shoppe.
  1532 | D:2      | Found Tewob's Weapon Boutique.
  1768 | D:3      | Reached XP level 4. HP: 21/34 MP: 0/0
  2060 | D:2      | Reached XP level 5. HP: 23/40 MP: 0/0
  2060 | D:2      | Learned a level 2 spell: Call Imp
  2062 | D:2      | Reached skill level 1 in Spellcasting
  2667 | D:3      | Found a snail-covered altar of Cheibriados.
  2984 | D:3      | Found a sacrificial altar of Ru.
  3033 | D:3      | Noticed a sky beast
  3102 | D:2      | Killed a sky beast
  3103 | D:2      | Reached skill level 1 in Armour
  3103 | D:2      | Reached XP level 6. HP: 38/47 MP: 0/0
  3811 | D:4      | Identified the +4 short sword of Sloth {freeze, Fragile
                  | Int+5}
  4015 | D:4      | Found an opulent altar of Gozag.
  4043 | D:5      | Entered Level 5 of the Dungeon
  4043 | D:5      | Noticed Grinder
  4269 | D:5      | Reached XP level 7. HP: 49/51 MP: 0/0
  4269 | D:5      | Learned a level 3 spell: Lesser Beckoning
  4363 | D:5      | Noticed Prince Ribbit
  4655 | D:6      | Found a staircase to the Ecumenical Temple.
  4661 | Temple   | Entered the Ecumenical Temple
  4782 | Temple   | Became a worshipper of the Wu Jian Council
  4807 | D:6      | Noticed Pikel
  4823 | D:6      | HP: 2/52 [Pikel/+0 whip of flaming (2)]
  4824 | D:6      | Slain by an orc warrior

Illustrated notes

Levels and vault maps discovered:
D:1:      tarquinn_simple_flora_water_d, layout_basic,
          shapermc_ecumenical_altar_rom_forum, minmay_misc_feat_four_crosses,
          chequers_arboretum
D:2:      layout_loops_ring, serial_shops, nicolae_shop_window_shopping,
          shop_fountains, shop, nicolae_shop_waterfront
D:3:      layout_rooms, nicolae_overflow_crystal_walls,
          mainiacjoe_overflow_surrounded_room
D:4:      layout_rooms, lemuel_coloured_pillars_altar
D:5:      layout_basic, lemuel_doored_altar, uniq_grinder, uniq_sigmund,
          uniq_prince_ribbit1
D:6:      layout_loops_cross, nicolae_overflow_hidden_temple,
          minmay_temple_entry_hall, uniq_pikel
Temple:   minmay_temple_bridge_d

Skill      XL: |  1  2  3  4  5  6  7 |
---------------+----------------------+-----
Stealth        | 4 |  4.2
Fighting       | 3 4 |  4.1
Spellcasting   | 1 |  1.9
Short Blades   | 2 |  2.7
Armour         | 1 2 |  2.5
Dodging        | 2 |  2.4
Throwing       | 2 |  2.0

Action                   |  1- 3 |  4- 6 |  7- 9 || total
-------------------------+-------+-------+-------++-------
Melee: Dagger            |    84 |   120 |       ||   204
       Punch             |       |     1 |     1 ||     2
       Short sword       |       |    26 |    34 ||    60
Throw: Dart              |       |    10 |     2 ||    12
       Stone             |       |     4 |       ||     4
  Use: Scroll            |       |       |     1 ||     1
 Stab: Sleeping          |    10 |     2 |       ||    12
Armor: Leather armour    |     5 |    12 |       ||    17
       Robe              |     1 |     1 |       ||     2
       Chain mail        |       |    60 |    26 ||    86
Dodge: Dodged            |    33 |    60 |    11 ||   104
